3044 views
Uploaded 2020-06-02 13:17:21
Game version 1.32.4 / 1.32.5
15:31 long 2on2 ladder game on (4)SynergyBigPaved
Saved by Redwood
3044 views
Uploaded 2020-06-02 13:17:21
Game version 1.32.4 / 1.32.5
15:31 long 2on2 ladder game on (4)SynergyBigPaved


43 units @ 7.6k
/ 1.3k
25 buildings @ 4k
/ 1.3k



| Rod of Necromancy | 3 | 450 |
| Ritual Dagger | 1 | 125 |
| Orb of Corruption | 1 | 375 |
| Potion of Healing | 1 | 150 |
| Scroll of Healing | 1 | 250 |
| Claws of Attack +9 | 1 | 300 |
| Claws of Attack +12 | 1 | 500 |
| total: | 9 | 2150g |
| Acolyte | 4 | 300 | / | 0 |
| Ghoul | 3 | 360 | / | 0 |
| Crypt Fiend | 7 | 1505 | / | 280 |
| Obsidian Statue | 3 | 600 | / | 105 |
| Abomination | 3 | 720 | / | 210 |
| total: | 20 | 3485g | / | 595w |
| Crypt | 1 | 200 | / | 50 |
| Graveyard | 2 | 430 | / | 0 |
| Altar of Darkness | 1 | 180 | / | 50 |
| Ziggurat | 7 | 1050 | / | 350 |
| Tomb of Relics | 1 | 130 | / | 30 |
| Slaughterhouse | 1 | 140 | / | 135 |
| Halls of the Dead | 1 | 320 | / | 210 |
| Black Citadel | 1 | 325 | / | 230 |
| total: | 13 | 2130g | / | 615w |
| 0:02 | Acolyte |
| 0:04 | Crypt |
| 0:12 | Graveyard |
| 0:15 | Graveyard |
| 0:20 | Acolyte |
| 0:41 | Altar of Darkness |
| 0:57 | Ziggurat |
| 1:09 | Ghoul |
| 1:29 | Tomb of Relics |
| 1:47 | Crypt Fiend |
| 1:59 | Ziggurat |
| 2:21 | Crypt Fiend |
| 2:44 | Rod of Necromancy |
| 2:52 | Death Coil |
| 2:55 | Acolyte |
| 2:58 | Crypt Fiend |
| 3:30 | Crypt Fiend |
| 3:52 | Halls of the Dead |
| 4:17 | Unholy Aura |
| 4:19 | Crypt Fiend |
| 5:23 | Ziggurat |
| 5:34 | Creature Attack |
| 6:31 | Ghoul |
| 6:31 | Ghoul |
| 6:33 | Slaughterhouse |
| 7:11 | Burrow |
| 7:14 | Rod of Necromancy |
| 7:15 | Ritual Dagger |
| 7:20 | Frost Nova |
| 7:34 | Ziggurat |
| 7:38 | Death Coil |
| 8:02 | Black Citadel |
| 8:30 | Obsidian Statue |
| 8:30 | Obsidian Statue |
| 8:37 | Dark Ritual |
| 9:38 | Claws of Attack +9 |
| 11:04 | Obsidian Statue |
| 11:13 | Abomination |
| 11:27 | Crypt Fiend |
| 11:31 | Crypt Fiend |
| 11:31 | Web |
| 11:38 | Frost Nova |
| 11:45 | Unholy Aura |
| 11:56 | Disease Cloud |
| 11:57 | Ziggurat |
| 11:59 | Improved Creature Attack |
| 11:59 | Unholy Armor |
| 12:13 | Rod of Necromancy |
| 12:13 | Orb of Corruption |
| 12:14 | Scroll of Healing |
| 12:17 | Potion of Healing |
| 13:01 | Ziggurat |
| 13:03 | Ziggurat |
| 13:20 | Claws of Attack +12 |
| 13:33 | Carrion Swarm |
| 14:39 | Abomination |
| 14:40 | Abomination |
| 15:25 | Acolyte |
| Select group | 1304 |
| Right click | 758 |
| Select | 262 |
| Misc. action | 126 |
| Chat | 84 |
| Build/train/purchase | 67 |
| Assign group | 47 |
| Use ability | 29 |
| Item give/drop | 7 |
| Minimap ping | 6 |
| Esc | 3 |



| Rod of Necromancy | 3 | 450 |
| Orb of Corruption | 1 | 375 |
| Potion of Healing | 1 | 150 |
| Scroll of Healing | 1 | 250 |
| Potion of Lesser Invulnerability | 1 | 150 |
| total: | 7 | 1375g |
| Acolyte | 3 | 225 | / | 0 |
| Ghoul | 2 | 240 | / | 0 |
| Crypt Fiend | 12 | 2580 | / | 480 |
| Obsidian Statue | 4 | 800 | / | 140 |
| Banshee | 2 | 310 | / | 60 |
| total: | 23 | 4155g | / | 680w |
| Nerubian Tower | 1 | 100 | / | 20 |
| Crypt | 1 | 200 | / | 50 |
| Graveyard | 1 | 215 | / | 0 |
| Altar of Darkness | 1 | 180 | / | 50 |
| Ziggurat | 6 | 900 | / | 300 |
| Tomb of Relics | 1 | 130 | / | 30 |
| Slaughterhouse | 1 | 140 | / | 135 |
| Temple of the Damned | 1 | 155 | / | 140 |
| Halls of the Dead | 1 | 320 | / | 210 |
| Black Citadel | 1 | 325 | / | 230 |
| total: | 12 | 1920g | / | 705w |
| 0:03 | Acolyte |
| 0:10 | Crypt |
| 0:17 | Graveyard |
| 0:23 | Acolyte |
| 0:43 | Altar of Darkness |
| 0:58 | Ziggurat |
| 1:11 | Ghoul |
| 1:40 | Tomb of Relics |
| 1:52 | Crypt Fiend |
| 2:01 | Ziggurat |
| 2:23 | Crypt Fiend |
| 2:46 | Rod of Necromancy |
| 2:48 | Frost Nova |
| 3:00 | Crypt Fiend |
| 3:09 | Nerubian Tower |
| 3:49 | Halls of the Dead |
| 4:32 | Crypt Fiend |
| 4:32 | Ghoul |
| 4:46 | Ziggurat |
| 4:47 | Crypt Fiend |
| 5:42 | Dark Ritual |
| 5:55 | Crypt Fiend |
| 6:46 | Black Citadel |
| 7:16 | Slaughterhouse |
| 7:21 | Rod of Necromancy |
| 7:23 | Death Coil |
| 7:49 | Ziggurat |
| 7:50 | Crypt Fiend |
| 7:58 | Crypt Fiend |
| 8:08 | Creature Attack |
| 8:36 | Obsidian Statue |
| 9:06 | Unholy Aura |
| 9:08 | Frost Nova |
| 9:22 | Obsidian Statue |
| 9:31 | Orb of Corruption |
| 9:59 | Ziggurat |
| 10:09 | Impale |
| 11:10 | Crypt Fiend |
| 11:11 | Destroyer Form |
| 11:13 | Death Coil |
| 11:29 | Obsidian Statue |
| 11:29 | Crypt Fiend |
| 11:51 | Crypt Fiend |
| 11:58 | Improved Creature Attack |
| 12:22 | Ziggurat |
| 12:34 | Burrow |
| 13:07 | Creature Carapace |
| 13:15 | Potion of Lesser Invulnerability |
| 13:15 | Scroll of Healing |
| 13:40 | Rod of Necromancy |
| 13:57 | Temple of the Damned |
| 14:08 | Obsidian Statue |
| 14:08 | Crypt Fiend |
| 14:43 | Potion of Healing |
| 15:15 | Dark Ritual |
| 15:24 | Acolyte |
| 15:30 | Banshee |
| 15:30 | Banshee |
| Select group | 1568 |
| Right click | 1073 |
| Select | 393 |
| Misc. action | 115 |
| Chat | 96 |
| Build/train/purchase | 70 |
| Assign group | 42 |
| Use ability | 35 |
| Item give/drop | 8 |
| Minimap ping | 5 |
| Remove unit | 2 |
45 units @ 6.9k
/ 0.8k
27 buildings @ 3.4k
/ 1.2k



x1)
| Scroll of Regeneration | 1 | 100 |
| Potion of Healing | 1 | 150 |
| Scroll of Town Portal | 1 | 350 |
| Tome of Retraining | 1 | 300 |
| total: | 4 | 900g |
| Peasant | 9 | 675 | / | 0 |
| Footman | 5 | 675 | / | 0 |
| Rifleman | 9 | 1845 | / | 270 |
| Priest | 2 | 270 | / | 20 |
| total: | 25 | 3465g | / | 290w |
| Scout Tower | 1 | 30 | / | 20 |
| Arcane Tower | 1 | 70 | / | 50 |
| Altar of Kings | 1 | 180 | / | 50 |
| Barracks | 1 | 160 | / | 60 |
| Farm | 9 | 720 | / | 180 |
| Arcane Vault | 1 | 130 | / | 30 |
| Blacksmith | 2 | 280 | / | 120 |
| Arcane Sanctum | 1 | 150 | / | 140 |
| Keep | 1 | 320 | / | 210 |
| Castle | 1 | 360 | / | 210 |
| total: | 16 | 1650g | / | 600w |
| 0:02 | Peasant |
| 0:02 | Peasant |
| 0:04 | Altar of Kings |
| 0:20 | Barracks |
| 0:28 | Peasant |
| 0:37 | Farm |
| 0:44 | Peasant |
| 0:57 | Peasant |
| 1:07 | Farm |
| 1:15 | Peasant |
| 1:22 | Footman |
| 1:37 | Scout Tower |
| 1:39 | Footman |
| 1:57 | Farm |
| 2:00 | Peasant |
| 2:08 | Arcane Tower |
| 2:15 | Summon Water Elemental |
| 2:17 | Footman |
| 2:32 | Peasant |
| 2:42 | Footman |
| 2:47 | Farm |
| 3:07 | Arcane Vault |
| 3:11 | Peasant |
| 3:31 | Blacksmith |
| 3:39 | Brilliance Aura |
| 4:01 | Defend |
| 4:29 | Keep |
| 5:32 | Blacksmith |
| 5:36 | Rifleman |
| 5:41 | Rifleman |
| 6:23 | Rifleman |
| 6:33 | Farm |
| 6:44 | Footman |
| 6:51 | Farm |
| 7:15 | Summon Water Elemental |
| 7:21 | Arcane Sanctum |
| 7:32 | Rifleman |
| 7:53 | Rifleman |
| 8:02 | Storm Bolt |
| 8:07 | Long Rifles |
| 8:17 | Priest |
| 8:27 | Black Gunpowder |
| 8:28 | Studded Leather Armor |
| 8:57 | Rifleman |
| 9:12 | Thunder Clap |
| 9:19 | Castle |
| 9:39 | Priest Adept Training |
| 9:42 | Farm |
| 9:45 | Farm |
| 10:03 | Refined Gunpowder |
| 10:07 | Farm |
| 11:12 | Scroll of Regeneration |
| 11:22 | Rifleman |
| 11:33 | Scroll of Town Portal |
| 11:37 | Potion of Healing |
| 12:11 | Priest Master Training |
| 12:22 | Brilliance Aura |
| 12:34 | Rifleman |
| 12:53 | Holy Light |
| 12:59 | Storm Bolt |
| 13:24 | Rifleman |
| 13:31 | Priest |
| 13:53 | Tome of Retraining |
| 13:53 | Retrain Hero |
| 13:57 | Blizzard |
| 13:57 | Brilliance Aura |
| Select group | 1018 |
| Right click | 520 |
| Select | 319 |
| Misc. action | 248 |
| Assign group | 112 |
| Build/train/purchase | 96 |
| Use ability | 13 |
| Minimap ping | 6 |
| Resource trade | 4 |
| Item give/drop | 2 |
| Esc | 2 |



| Rod of Necromancy | 2 | 300 |
| Lesser Clarity Potion | 1 | 70 |
| Potion of Healing | 1 | 150 |
| Orb of Corruption | 1 | 375 |
| Ritual Dagger | 1 | 125 |
| Scroll of Town Portal | 1 | 350 |
| Scroll of Healing | 1 | 250 |
| Scroll of Protection | 1 | 150 |
| Scroll of Regeneration | 1 | 100 |
| total: | 10 | 1870g |
| Acolyte | 4 | 300 | / | 0 |
| Ghoul | 3 | 360 | / | 0 |
| Crypt Fiend | 9 | 1935 | / | 360 |
| Obsidian Statue | 3 | 600 | / | 105 |
| Ice Troll Trapper | 1 | 200 | / | 20 |
| total: | 20 | 3395g | / | 485w |
| Graveyard | 1 | 215 | / | 0 |
| Crypt | 1 | 200 | / | 50 |
| Altar of Darkness | 1 | 180 | / | 50 |
| Ziggurat | 6 | 900 | / | 300 |
| Tomb of Relics | 1 | 130 | / | 30 |
| Slaughterhouse | 1 | 140 | / | 135 |
| Halls of the Dead | 1 | 320 | / | 210 |
| Black Citadel | 1 | 325 | / | 230 |
| total: | 11 | 1765g | / | 565w |
| 0:03 | Acolyte |
| 0:03 | Acolyte |
| 0:07 | Graveyard |
| 0:17 | Crypt |
| 0:19 | Acolyte |
| 0:38 | Altar of Darkness |
| 0:47 | Ziggurat |
| 1:07 | Tomb of Relics |
| 1:18 | Ghoul |
| 1:42 | Crypt Fiend |
| 1:48 | Ziggurat |
| 2:10 | Crypt Fiend |
| 2:47 | Rod of Necromancy |
| 2:56 | Crypt Fiend |
| 2:57 | Death Coil |
| 3:06 | Ice Troll Trapper |
| 3:31 | Crypt Fiend |
| 4:04 | Halls of the Dead |
| 4:30 | Ghoul |
| 4:32 | Ziggurat |
| 4:34 | Unholy Aura |
| 4:59 | Ziggurat |
| 5:16 | Creature Attack |
| 5:19 | Ghoul |
| 5:45 | Crypt Fiend |
| 6:04 | Scroll of Regeneration |
| 6:04 | Lesser Clarity Potion |
| 6:23 | Crypt Fiend |
| 6:49 | Slaughterhouse |
| 7:19 | Burrow |
| 7:27 | Potion of Healing |
| 7:28 | Rod of Necromancy |
| 7:33 | Frost Nova |
| 7:49 | Black Citadel |
| 8:10 | Obsidian Statue |
| 8:15 | Death Coil |
| 8:53 | Crypt Fiend |
| 8:55 | Improved Creature Attack |
| 9:19 | Frost Armor |
| 9:40 | Ziggurat |
| 9:41 | Creature Carapace |
| 10:09 | Ziggurat |
| 11:12 | Orb of Corruption |
| 11:23 | Scroll of Town Portal |
| 11:33 | Ritual Dagger |
| 11:40 | Impale |
| 11:42 | Destroyer Form |
| 12:22 | Crypt Fiend |
| 12:23 | Obsidian Statue |
| 12:34 | Frost Nova |
| 12:41 | Advanced Creature Attack |
| 12:50 | Web |
| 13:49 | Scroll of Healing |
| 13:50 | Scroll of Protection |
| 13:59 | Acolyte |
| 15:10 | Crypt Fiend |
| 15:12 | Obsidian Statue |
| Right click | 1133 |
| Select group | 632 |
| Select | 301 |
| Build/train/purchase | 73 |
| Assign group | 45 |
| Use ability | 22 |
| Minimap ping | 14 |
| Chat | 12 |
| Item give/drop | 6 |
| Misc. action | 4 |
| Esc | 2 |
⇛